 Dungeon Crawl Stone Soup version 0.24.1-8-ga250c9d538 (webtiles) character file.

Game seed: 9597950710612364346, levelgen mode: deterministic

130 Hugehornet the Changer (level 5, -1/33 HPs)
             Began as an Octopode Transmuter on May 2, 2020.
             Killed by divine providence
             ... invoked by an orc priest
              (8 damage)
             ... on level 3 of the Dungeon.
             The game lasted 00:05:40 (2528 turns).

Hugehornet the Changer (Octopode Transmuter)        Turns: 2528, Time: 00:05:41

Health: -1/33      AC:  2    Str:  9    XL:     5   Next: 14%
Magic:  8/8        EV: 20    Int: 16    God:
Gold:   154        SH:  0    Dex: 18    Spells: 2/8 levels left

rFire    . . .     SeeInvis .     - Unarmed
rCold    . . .     Gourm    .   (shield currently unavailable)
rNeg     . . .     Faith    .   (helmet currently unavailable)
rPois    x         Spirit   .   b - amulet of magic regeneration
rElec    .         Reflect  .   (no ring)
rCorr    .         Harm     .   (no ring)
MR       .....                  (no ring)
Stlth    ++........             (no ring)
HPRegen  0.11/turn              (no ring)
MPRegen  0.36/turn              (no ring)
                                (no ring)
                                (no ring)

@: spider-form (expiring), very slightly contaminated
A: tiny, almost no armour, stealthy swim, (amphibious), 8 rings, (constrict 8)
a: End Transformation


You were on level 3 of the Dungeon.
You were hungry.
You were a venomous arachnid creature.
You visited 1 branch of the dungeon, and saw 3 of its levels.

You collected 154 gold pieces.

Inventory:

Missiles
 a - 66 arrows
Jewellery
 b - an amulet of magic regeneration (around neck)
Scrolls
 d - 2 scrolls of identify
 e - 2 scrolls of remove curse {unknown}
 f - 3 scrolls of teleportation {unknown}
 i - a scroll of blinking {unknown}
 l - a scroll of fear {unknown}
 p - a scroll of enchant armour {unknown}
 r - a scroll of magic mapping {unknown}
Potions
 g - a potion of ambrosia {unknown}
 h - a potion of heal wounds
 j - a potion of agility {unknown}
 k - 3 potions of curing {unknown}
 m - a potion of might {unknown}
 n - a potion of mutation {unknown}
 o - a potion of flight {unknown}
 q - a potion of magic {unknown}
Comestibles
 c - 9 rations


   Skills:
 - Level 1.0 Fighting
 - Level 2.0 Dodging
 - Level 3.0 Unarmed Combat
 - Level 2.0 Spellcasting
 + Level 5.2 Transmutations


You had 2 spell levels left.
You knew the following spells:

 Your Spells              Type           Power        Failure   Level  Hunger
a - Beastly Appendage     Tmut           ###...       10%         1    #......
b - Sticks to Snakes      Tmut           ###.....     12%         2    ###....
c - Spider Form           Tmut/Pois      #.........   43%         3    ###....

Your spell library contained the following spells:

 Spells                   Type           Power        Failure   Level  Hunger
 Confusing Touch          Hex            #.....       41%         1    #......
 Confuse                  Hex            #.......     73%         3    ###....
 Gell's Gravitas          Tloc           #.........   73%         3    ###....
 Ice Form                 Ice/Tmut       #.......     77%         4    #####..
 Petrify                  Tmut/Erth      #.......     77%         4    #####..
 Blade Hands              Tmut           ###.......   77%         5    ######.
 Yara's Violent Unravell  Hex/Tmut       #.........   97%         5    ######.
 Metabolic Englaciation   Hex/Ice        #.........   100%        5    ######.


Dungeon Overview and Level Annotations

Branches:
Dungeon (3/15)

Altars:
Hepliaklqana
Kikubaaqudgha


Innate Abilities, Weirdness & Mutations

You cannot wear most types of armour.
You are very stealthy in the water. (Stealth+)
((You are amphibious.))
You can wear up to eight rings at the same time.
((You can use your tentacles to constrict eight enemies at once.))
((Your skin changes colour to match your surroundings (Stealth+).))
((Your rubbery body absorbs attacks. (AC +1, EV +1)))


Message History

You hit the orc priest but do no damage.
The orc priest is poisoned.
The orc priest misses you.
You hit the orc priest.
The orc priest looks as sick as possible!
The orc priest is heavily wounded.
The orc priest looks satisfied for a moment.
The orc priest misses you.
You hit the orc priest but do no damage.
The orc priest looks as sick as possible!
The orc priest is severely wounded.
The orc priest calls upon Beogh to heal the orc priest.
The orc priest is healed somewhat.
The orc priest invokes the aid of Beogh against you.
Pain shoots through your body!
* * * LOW HITPOINT WARNING * * *
You barely miss the orc priest.
The orc priest is moderately wounded.
The orc priest invokes the aid of Beogh against you.
Beogh smites you!
You die...

#############
#.._......... #######
#[#....###### #.)...#
####.##.#.......
#.###.#####....##...######
#.#..).............o...(..
#.#.#.#####o..###...######
#####...(....soKo.# ##.##
#......#..######..# #.#
#.####...## #..# #.# # #.#
##.## #..# #.# #.# #.#
#..# #.# ##.# #.# #..# #.#
#..# ... ...# #.## . #
###.# #.# #.#


You could see 2 orc priests, an orc and a kobold.

Vanquished Creatures
  3 adders (D:2)
  4 worms
  3 dart slugs (D:2)
  A leopard gecko (D:1)
  8 orcs (D:3)
  2 ball pythons
  8 bats
  2 giant cockroaches
  2 goblins (D:1)
  7 hobgoblins (D:1)
  17 kobolds
  2 quokkas
  2 frilled lizards
  8 rats
69 creatures vanquished.

Vanquished Creatures (others)
  An adder (D:2)
1 creature vanquished.

Grand Total: 70 creatures vanquished

Notes
Turn   | Place    | Note
-------+----------+-------------------------------------------
     0 | D:1      | Hugehornet the Octopode Transmuter began the quest for the
                  | Orb.
     0 | D:1      | Reached XP level 1. HP: 13/13 MP: 3/3
    87 | D:1      | Reached XP level 2. HP: 17/18 MP: 5/5
   168 | D:1      | Reached skill level 3 in Transmutations
   237 | D:1      | Learned a level 2 spell: Sticks to Snakes
   441 | D:1      | Reached XP level 3. HP: 11/23 MP: 6/6
   947 | D:2      | Reached skill level 4 in Transmutations
  1289 | D:2      | Reached XP level 4. HP: 26/28 MP: 7/7
  1641 | D:2      | Found an ancient bone altar of Kikubaaqudgha.
  2198 | D:2      | Learned a level 3 spell: Spider Form
  2416 | D:3      | Reached skill level 5 in Transmutations
  2445 | D:3      | Found a hazy altar of Hepliaklqana.
  2454 | D:3      | Reached XP level 5. HP: 33/33 MP: 8/8
  2528 | D:3      | Killed from afar by an orc priest

Levels and vault maps discovered:
D:1:      dpeg_arrival_rooms_with_view, layout_basic
D:2:      layout_basic, kiku_gazebo_pond_becter, first_ration,
          minmay_pentomino_pile
D:3:      layout_loops_ring, lemuel_crystal_altar, overflow_temple_1_default,
          overflow_temple_1_default, grunt_gozag_statues

Skill      XL: |  1  2  3  4 |
---------------+-------------+-----
Transmutations | 3 4 5 |  5.2
Fighting       | |  1.0
Dodging        | |  2.0
Unarmed Combat | |  3.0
Spellcasting   | |  2.0

Action                   |  1- 3 |  4- 6 || total
-------------------------+-------+-------++-------
Melee: Unarmed           |    74 |    97 ||   171
       Kick              |    18 |    26 ||    44
       Constrict         |    18 |    22 ||    40
       Tentacles         |    15 |     5 ||    20
       Punch             |     1 |       ||     1
 Cast: Beastly Appendage |    22 |    19 ||    41
       Spider Form       |       |     1 ||     1
  Use: Potion            |       |     2 ||     2
       Scroll            |       |     1 ||     1
 Stab: Sleeping          |     2 |     3 ||     5
  Eat: Chunk             |       |     2 ||     2
       Ration            |       |     1 ||     1
Armor: Skin              |    12 |     8 ||    20
Dodge: Dodged            |    64 |    66 ||   130
